 Dungeon Crawl Stone Soup version 0.30-a0-1112-gfb780f5df6 (webtiles) character file.

Game seed: 5880495760948684011

3117 retardedninja the Magician (level 9, -11/67 HPs)
             Began as a Gnoll Fire Elementalist on Apr 19, 2023.
             Was an Initiate of Cheibriados.
             Mangled by a white ugly thing (20 damage)
             ... on level 7 of the Dungeon.
             The game lasted 00:15:15 (11077 turns).

retardedninja the Magician (GnFE)                  Turns: 11077, Time: 00:15:15

Health: -11/67     AC:  5    Str:  9    XL:     9   Next: 91%
Magic:  8/19       EV: 15    Int: 19    God:    Cheibriados [......]
Gold:   439        SH:  0    Dex: 14    Spells: 12/22 levels left

rFire   . . .      SeeInvis .    q - +0 long sword (holy)
rCold   . . .      Faith    .    (no shield)
rNeg    . . .      Spirit   .    a - +0 robe
rPois   .          Reflect  .    c - +2 hat
rElec   .          Rampage  .    f - +0 cloak
rCorr   .                        (no gloves)
Will    .....                    (no boots)
Stlth   +++                      g - amulet of the acrobat
HPRegen 0.31/turn                (no ring)
MPRegen 0.16/turn                (no ring)

@: about to teleport, very slow
A: fangs 1, strong nose, distributed training
a: Renounce Religion


You were on level 7 of the Dungeon.
You worshipped Cheibriados.
Cheibriados was noncommittal.
You visited 2 branches of the dungeon, and saw 8 of its levels.

You collected 439 gold pieces.

Inventory:

Hand Weapons
 q - a +0 long sword of holy wrath (weapon)
Armour
 a - a +0 robe (worn)
 c - a +2 hat (worn)
 f - a +0 cloak (worn)
Jewellery
 g - an amulet of the acrobat (around neck)
 t - a ring of wizardry
 z - a ring of positive energy
 B - an amulet of guardian spirit
Wands
 m - a wand of mindburst (8)
 s - a wand of paralysis (9)
 w - a wand of flame (28)
Scrolls
 i - a scroll of vulnerability {unknown}
 j - a scroll of poison {unknown}
 k - 2 scrolls of brand weapon {unknown}
 r - a scroll of enchant armour {unknown}
 u - a scroll of fear {unknown}
 x - a scroll of noise {unknown}
 y - a scroll of acquirement {unknown}
 A - a scroll of identify
 C - a scroll of enchant weapon {unknown}
 E - a scroll of silence {unknown}
Potions
 b - a potion of attraction {unknown}
 d - 2 potions of might {unknown}
 e - 5 potions of flight
 l - 5 potions of curing
 n - a potion of cancellation
 o - a potion of brilliance
 p - 2 potions of haste
 D - a potion of resistance {unknown}


   Skills:
 + Level 4.9 Fighting
 + Level 4.9 Short Blades
 + Level 4.9 Long Blades
 + Level 4.9 Axes
 + Level 4.9 Maces & Flails
 + Level 4.9 Polearms
 + Level 4.9 Staves
 + Level 4.9 Ranged Weapons
 + Level 4.9 Throwing
 + Level 4.9 Armour
 + Level 6.7 Dodging
 + Level 6.5 Stealth
 + Level 4.9 Shields
 + Level 4.9 Unarmed Combat
 + Level 7.1 Spellcasting
 + Level 4.6 Conjurations
 + Level 4.0 Hexes
 + Level 4.0 Summonings
 + Level 4.0 Necromancy
 + Level 4.0 Translocations
 + Level 4.0 Transmutations
 + Level 6.9 Fire Magic
 + Level 4.0 Ice Magic
 + Level 4.0 Air Magic
 + Level 4.0 Earth Magic
 + Level 4.0 Poison Magic
 + Level 5.3 Invocations
 + Level 4.9 Evocations


You had 12 spell levels left.
You knew the following spells:

 Your Spells              Type           Power      Damage    Failure   Level
a - Foxfire               Conj/Fire      100%       2x1d9     1%          1
b - Scorch                Fire           64%        2d8       1%          2
c - Inner Flame           Hex/Fire       27%        N/A       3%          3
d - Flame Wave            Conj/Fire      28%        2d9       10%         4

Your spell library contained the following spells:

 Spells                   Type           Power      Damage    Failure   Level
 Sandblast                Erth           44%        2d11      1%          1
 Slow                     Hex            88%        N/A       1%          1
 Cigotuvi's Dreadful Rot  Necr/Pois/Air  44%        N/A       3%          2
 Passwall                 Tmut/Erth      18%        N/A       3%          2
 Ignite Poison            Fire/Tmut/Pois 25%        N/A       3%          3
 Volatile Blastmotes      Fire/Tloc      54%        2d14      3%          3
 Stone Arrow              Conj/Erth      46%        3d9       4%          3
 Confusing Touch          Hex            22%        N/A       6%          3
 Vampiric Draining        Necr           22%        2d7       6%          3
 Passage of Golubria      Tloc           22%        N/A       19%         4
 Freezing Cloud           Conj/Ice/Air   11%        6-21      43%         5
 Silence                  Hex/Air        11%        N/A       47%         5
 Lehudib's Crystal Spear  Conj/Erth      11%        10d4      100%        8


Dungeon Overview and Level Annotations

Branches:
Dungeon (7/15)             Temple (1/1) D:6

Altars:
Ashenzari
Cheibriados
Dithmenos
Elyvilon
Fedhas
Gozag
Nemelex Xobeh
Okawaru
Qazlal
Ru
Sif Muna
Trog
Uskayaw
Vehumet
Wu Jian
Xom
Yredelemnul
Zin
The Shining One

Shops:
D:7 *


Innate Abilities, Weirdness & Mutations

You have very sharp teeth.
Your uncanny sense of smell can sniff out nearby items.
Your experience applies equally to all skills.


Message History

Your foxfire dissipates!
The white ugly thing barely misses you.
Casting: Foxfire (safe; 1% risk of failure)
Confirm with . or Enter, or press ? or * to list all spells.
Flames lash the purple ugly thing.
The purple ugly thing is lightly wounded.
The purple ugly thing's fire resistance burns away.
The white ugly thing tail-slaps you but does no damage.
Casting: Scorch (safe; 1% risk of failure)
Confirm with . or Enter, or press ? or * to list all spells.
Flames lash the white ugly thing.
The white ugly thing is lightly wounded.
The white ugly thing's fire resistance burns away.
The white ugly thing tail-slaps you. The white ugly thing freezes you!!
Casting: Scorch (safe; 1% risk of failure)
Confirm with . or Enter, or press ? or * to list all spells.
Flames lash the purple ugly thing.
The purple ugly thing is burned terribly!
The purple ugly thing is moderately wounded.
The purple ugly thing basks in the mutagenic energy from its kin and changes!
The white ugly thing misses you.
Casting: Scorch (safe; 1% risk of failure)
Confirm with . or Enter, or press ? or * to list all spells.
Flames lash the white ugly thing.
The white ugly thing is burned terribly!
The white ugly thing is moderately wounded.
The white ugly thing closely misses you.
Unknown command.
Casting: Scorch (safe; 1% risk of failure)
Confirm with . or Enter, or press ? or * to list all spells.
Flames lash the white ugly thing.
The white ugly thing is burned terribly!
The white ugly thing is moderately wounded.
The white ugly thing tail-slaps you! The white ugly thing freezes you!!
* * * LOW HITPOINT WARNING * * *
As you read the scroll of teleportation, it crumbles to dust.
You feel strangely unstable. The white ugly thing tail-slaps you.
* * * LOW HITPOINT WARNING * * *
The white ugly thing freezes you!!
You die...

∆###############
#...##........#
#@#.##........####
#u#.##............
#..u#.##............
#.##.#...............
∆#
∆###...............
###............####
##...#..........#
#....#..........#
#....#..........##


You could see 2 ugly things.

Vanquished Creatures
  Maggie (D:7)
  A komodo dragon (D:7)
  A troll (D:6)
  A steam dragon (D:6)
  A water moccasin (D:6)
  Duvessa (D:5)
  2 black bears
  An ice beast (D:4)
  A sky beast (D:7)
  3 centaurs
  3 ogres (D:5)
  3 phantoms
  3 scorpions (D:5)
  Dowan (D:5)
  3 hounds
  2 orc priests (D:7)
  A gnoll bouda (D:5)
  5 iguanas
  An orc wizard (D:5)
  2 scorpion zombies (D:3)
  10 adders
  10 gnolls
  A howler monkey skeleton (D:3)
  An ufetubus (D:4)
  An adder skeleton (D:3)
  2 worms
  2 dart slugs
  28 orcs
  8 endoplasms
  3 giant cockroaches
  7 goblins
  4 hobgoblins
  5 jackals
  2 quokkas (D:3)
  3 ball pythons
  A ball python skeleton (D:3)
  A bat (D:2)
  3 frilled lizards
  5 kobolds
  9 rats
143 creatures vanquished.

Vanquished Creatures (others)
  584 foxfires
  4 fungi (D:2)
588 creatures vanquished.

Grand Total: 731 creatures vanquished

Notes
Turn   | Place    | Note
-------+----------+-------------------------------------------
     0 | D:1      | retardedninja the Gnoll Fire Elementalist began the quest
                  | for the Orb.
     0 | D:1      | Reached XP level 1. HP: 13/13 MP: 6/6
   285 | D:1      | Reached XP level 2. HP: 19/19 MP: 3/7
  1328 | D:2      | Reached skill level 5 in Spellcasting
  1328 | D:2      | Reached XP level 3. HP: 25/25 MP: 2/9
  1627 | D:2      | Reached skill level 1 in Invocations
  1716 | D:2      | Found a faded altar of an unknown god.
  1825 | D:2      | Reached skill level 1 in Fighting
  1825 | D:2      | Reached skill level 1 in Short Blades
  1825 | D:2      | Reached skill level 1 in Long Blades
  1825 | D:2      | Reached skill level 1 in Axes
  1825 | D:2      | Reached skill level 1 in Maces & Flails
  1825 | D:2      | Reached skill level 1 in Polearms
  1825 | D:2      | Reached skill level 1 in Staves
  1825 | D:2      | Reached skill level 1 in Ranged Weapons
  1825 | D:2      | Reached skill level 1 in Throwing
  1825 | D:2      | Reached skill level 1 in Armour
  1825 | D:2      | Reached skill level 1 in Shields
  1825 | D:2      | Reached skill level 1 in Unarmed Combat
  1825 | D:2      | Reached skill level 1 in Evocations
  2232 | D:2      | Reached XP level 4. HP: 32/32 MP: 9/11
  2662 | D:3      | Reached skill level 1 in Hexes
  2662 | D:3      | Reached skill level 1 in Summonings
  2662 | D:3      | Reached skill level 1 in Necromancy
  2662 | D:3      | Reached skill level 1 in Translocations
  2662 | D:3      | Reached skill level 1 in Transmutations
  2662 | D:3      | Reached skill level 1 in Ice Magic
  2662 | D:3      | Reached skill level 1 in Air Magic
  2662 | D:3      | Reached skill level 1 in Earth Magic
  2662 | D:3      | Reached skill level 1 in Poison Magic
  2756 | D:3      | Reached XP level 5. HP: 34/37 MP: 4/12
  3914 | D:4      | Found a bloodstained altar of Trog.
  4027 | D:4      | Noticed an ice beast
  4060 | D:4      | Killed an ice beast
  4061 | D:4      | Reached skill level 5 in Dodging
  4061 | D:4      | Reached XP level 6. HP: 34/44 MP: 7/14
  4065 | D:4      | Learned a level 2 spell: Scorch
  5238 | D:5      | Entered Level 5 of the Dungeon
  5271 | D:5      | Reached XP level 7. HP: 33/50 MP: 8/15
  5546 | D:5      | Reached skill level 5 in Stealth
  5730 | D:5      | Reached XP level 8. HP: 36/58 MP: 0/16
  5734 | D:5      | Found a shimmering altar of Xom.
  5753 | D:5      | Reached skill level 6 in Spellcasting
  5761 | D:5      | HP: 2/58 [hound (5)]
  6508 | D:5      | Noticed Duvessa
  6508 | D:5      | Noticed Dowan
  6514 | D:5      | Killed Dowan
  6527 | D:5      | Killed Duvessa
  7243 | D:6      | Identified the +0 robe of the Cockatrice {rPois Will+
                  | Str+3}
  7364 | D:6      | Noticed a troll
  7379 | D:6      | Killed a troll
  7676 | D:6      | Found a staircase to the Ecumenical Temple.
  7693 | Temple   | Entered the Ecumenical Temple
  7814 | Temple   | Became a worshipper of Cheibriados the Contemplative
  7916 | D:6      | Reached XP level 9. HP: 65/65 MP: 15/18
  8771 | D:7      | Found a blossoming altar of Fedhas.
  8846 | D:7      | Learned a level 3 spell: Inner Flame
  8851 | D:7      | Learned a level 4 spell: Flame Wave
  9012 | D:7      | Found an ornate altar of the Wu Jian Council.
  9055 | D:7      | Found Belogisch's Overcharged Wands.
  9512 | D:7      | Noticed Maggie
  9523 | D:7      | Killed Maggie
  9524 | D:7      | Reached skill level 5 in Invocations
 10114 | D:7      | Noticed a purple ugly thing
 10117 | D:7      | Noticed a white ugly thing
 10120 | D:7      | Noticed a komodo dragon
 10415 | D:7      | Killed a komodo dragon
 10416 | D:7      | Reached skill level 7 in Spellcasting
 11077 | D:7      | Mangled by a white ugly thing

Illustrated notes

Levels and vault maps discovered:
D:1:      dpeg_arrival_three_same_balls, layout_loops_corners
D:2:      layout_basic, dreamdust_ecumenical_altar_grove,
          minmay_misc_feat_diagonals, minmay_surrounded
D:3:      layout_basic, serial_undead, serial_undead_c, serial_undead_b,
          serial_undead_e, serial_undead_f, minmay_cut_off
D:4:      layout_basic, mainiacjoe_overflow_cross_hatched,
          kennysheep_generic_room_14
D:5:      layout_basic, xom_confusion_cloud, uniq_duvessa
D:6:      layout_layer_cave, minmay_temple_entry_tees,
          nicolae_ossuary_entry_monument, minmay_misc_feat_rugged,
          eino_tiny_chamber
D:7:      minmay_cornered_nines, layout_basic, grunt_temple_overflow_open,
          nicolae_shop_overcharged_wands, uniq_maggie
Temple:   bh_familiar_temple

Skill      XL: |  1  2  3  4  5  6  7  8  9 |
---------------+----------------------------+-----
Conjurations   | 2 3 4 |  4.6
Spellcasting   | 5 6 7 |  7.1
Invocations    | 1 2 3 4 5 |  5.3
Fighting       | 1 2 3 4 |  4.9
Short Blades   | 1 2 3 4 |  4.9
Long Blades    | 1 2 3 4 |  4.9
Axes           | 1 2 3 4 |  4.9
Maces & Flails | 1 2 3 4 |  4.9
Polearms       | 1 2 3 4 |  4.9
Staves         | 1 2 3 4 |  4.9
Ranged Weapons | 1 2 3 4 |  4.9
Throwing       | 1 2 3 4 |  4.9
Armour         | 1 2 3 4 |  4.9
Shields        | 1 2 3 4 |  4.9
Unarmed Combat | 1 2 3 4 |  4.9
Evocations     | 1 2 3 4 |  4.9
Hexes          | 1 2 3 4 |  4.0
Summonings     | 1 2 3 4 |  4.0
Necromancy     | 1 2 3 4 |  4.0
Translocations | 1 2 3 4 |  4.0
Transmutations | 1 2 3 4 |  4.0
Ice Magic      | 1 2 3 4 |  4.0
Air Magic      | 1 2 3 4 |  4.0
Earth Magic    | 1 2 3 4 |  4.0
Poison Magic   | 1 2 3 4 |  4.0
Dodging        | 5 6 |  6.7
Stealth        | 5 6 |  6.5
Fire Magic     | 6 |  6.9

Action                     |  1- 3 |  4- 6 |  7- 9 || total
---------------------------+-------+-------+-------++-------
  Melee: Unarmed           |     4 |       |       ||     4
         Punch             |     1 |       |     1 ||     2
         Long sword        |       |     7 |    37 ||    44
         Bite              |       |     1 |     5 ||     6
   Cast: Foxfire           |    87 |   142 |   129 ||   358
         Scorch            |       |    12 |    79 ||    91
         Flame Wave        |       |       |     3 ||     3
         Inner Flame       |       |       |     2 ||     2
  Evoke: Wand              |     1 |     3 |    12 ||    16
    Use: Potion            |       |       |     6 ||     6
         Scroll            |       |       |    11 ||    11
 Armour: Robe              |     3 |    21 |    28 ||    52
  Dodge: Dodged            |    17 |    93 |   197 ||   307

Table legend: (Time is in decaauts)
 A = Elapsed time spent in this place.
 B = Non-inter-level travel time spent in this place.
 C = Inter-level travel time spent in this place.
 D = Time resting spent in this place.
 E = Time spent auto-exploring this place.
 F = Levels seen in this place.
 G = Mean time per level.
                   A        B        C        D        E       F      G
               +--------+--------+--------+--------+--------+-----+--------+
         Total |  11511 |  11342 |    169 |   2378 |   7584 |   8 | 1438.9 |
       Dungeon |  11292 |  11164 |    128 |   2378 |   7412 |   7 | 1613.1 |
        Temple |    219 |    178 |     41 |      0 |    171 |   1 |  219.0 |
               +--------+--------+--------+--------+--------+-----+--------+

Top non-repeatable levels by time:
     D:7: 2832 daAuts
     D:5: 1984 daAuts
     D:4: 1590 daAuts
     D:1: 1305 daAuts
     D:6: 1236 daAuts
     D:2: 1220 daAuts
     D:3: 1122 daAuts
  Temple: 219 daAuts
